 Dungeon Crawl Stone Soup version 0.31-a0-188-g5e087ee2ca (webtiles) character file.

Game seed: 4013205711370328544

5717 qw the Markself (level 10, -18/59 HPs)
             Began as a Deep Elf Hunter on June 23, 2023.
             Was a Believer of Okawaru.
             Demolished by a gargoyle
             ... wielding a +2 flail of protection
              (22 damage)
             ... on level 9 of the Dungeon.
             The game lasted 00:03:55 (8363 turns).

qw the Markself (Deep Elf Hunter)                   Turns: 8363, Time: 00:03:56

Health: -18/59     AC: 10    Str: 12    XL:     10   Next: 48%
Magic:  13/15      EV: 21    Int: 15    God:    Okawaru [**....]
Gold:   444        SH:  5    Dex: 24    Spells: 9/9 levels left

rFire   . . .        Y - +2 orcbow (elec)
rCold   . . .        (shield currently unavailable)
rNeg    . . .        e - +0 ring mail
rPois   +            (no helmet)
rElec   .            j - +0 cloak
rCorr   .            (no gloves)
SInv    .            g - +1 pair of boots
Will    +....        f - amulet of reflection
Stlth   +++          m - +6 ring of dexterity
HPRegen 0.29/turn    k - ring of poison resistance
MPRegen 0.14/turn

%: reflection
@: about to teleport, heroic
A: no striking features
a: Renounce Religion, Heroism


You were on level 9 of the Dungeon.
You worshipped Okawaru.
Okawaru was pleased with you.
You visited 2 branches of the dungeon, and saw 10 of its levels.
You also visited: Sewer.

You collected 539 gold pieces.
You spent 95 gold pieces at shops.


   Skills:
 - Level 5.0(10.0) Fighting
 - Level 16.0(21.0) Ranged Weapons
 - Level 2.1(7.1) Armour
 + Level 8.8(13.8) Dodging
 - Level 1.2(6.2) Stealth
 - Level 4.1 Invocations


You had 9 spell levels left.
You didn't know any spells.
Your spell library was empty.

Inventory:

Hand Weapons
 Y - a +2 orcbow of electrocution (weapon)
Armour
 e - a +0 ring mail (worn)
 g - a +1 pair of boots (worn)
 j - a +0 cloak (worn)
Jewellery
 d - a ring of see invisible
 f - an amulet of reflection (around neck)
 k - a ring of poison resistance (right hand)
 m - a +6 ring of dexterity (left hand)
Scrolls
 a - 2 scrolls of teleportation
 b - 5 scrolls of identify
Potions
 c - 6 potions of enlightenment
 h - 3 potions of curing
 i - 3 potions of might

Dungeon Overview and Level Annotations

Branches:
Dungeon (9/15)             Temple (1/1) D:5            Lair (0/5) D:9
  Sewer (visited)
    Orc: D:9-12

Altars:
Ashenzari
Cheibriados
Dithmenos
Elyvilon
Fedhas
Gozag
Hepliaklqana
Kikubaaqudgha
Makhleb
Nemelex Xobeh
Okawaru
Qazlal
Ru
Sif Muna
Trog
Uskayaw
Wu Jian
Xom
Yredelemnul
Zin
The Shining One

Shops:
D:2 !   D:3 (


Message History

The four-headed hydra misses you. The four-headed hydra bites you.
The four-headed hydra completely misses you.
You shoot an arrow. The arrow barely misses the gargoyle.
You feel like a meek peon again. The gargoyle barely misses you.
The four-headed hydra closely misses you.
The four-headed hydra bites you! The four-headed hydra misses you. x2
8358 ||| INVOKING Heroism.
You gain the combat prowess of a mighty hero.
The gargoyle misses you. The four-headed hydra misses you.
The four-headed hydra completely misses you.
The four-headed hydra misses you.
The four-headed hydra completely misses you.
You shoot an arrow. The arrow hits the gargoyle.
The gargoyle is moderately damaged.
You block the gargoyle's attack.
You shoot an arrow. The arrow hits the gargoyle!
The gargoyle is severely damaged.
The four-headed hydra bites you but does no damage.
You block the four-headed hydra's attack.
The four-headed hydra closely misses you.
The four-headed hydra bites you!
You shoot an arrow.
The arrow hits the gargoyle but does no damage.
The gargoyle is severely damaged.
The gargoyle hurls a stone arrow at you.
The stone arrow misses you. The four-headed hydra bites you.
The four-headed hydra closely misses you.
The four-headed hydra completely misses you.
The four-headed hydra misses you.
8362 ||| READING 3 scrolls of teleportation.
As you read the scroll of teleportation, it crumbles to dust.
You feel strangely unstable. The gargoyle completely misses you.
The four-headed hydra bites you. The four-headed hydra bites you!
The four-headed hydra bites you but does no damage.
The four-headed hydra barely misses you.
You shoot an arrow. The arrow closely misses the gargoyle.
The gargoyle hits you with a +2 flail of protection!!
You die...

........ #.. . #......
#... ### .# ...... #...
..##)# ..... #...###
...$$ #... #.....##...#
#... #......#..# #..<
#......#9.# #...
#......@D.# #...
#......#.....# #.## #...
#.#....#....## .... #...
#.#...###..## ......#...
#%#.#########.......#...
#.......................
##............(.......(.
######..##.... #..>...
#.###.._..##..##..


You could see a four-headed hydra and a gargoyle.

Vanquished Creatures
  A two-headed ogre (D:9)
  An ugly thing (D:9)
  A manticore (D:9)
  A hornet (D:8)
  A vampire (D:8)
  3 wyverns
  3 yaks (D:9)
  A water moccasin (D:9)
  An ice beast (D:4)
  2 sky beasts (D:7)
  An orc warrior (D:9)
  4 black bears
  4 centaurs
  2 kobold brigands
  3 scorpions
  3 bullfrogs (D:9)
  A gnoll sergeant (D:7)
  5 killer bees (D:8)
  2 howler monkeys
  3 gnoll boudas (D:8)
  2 jellies
  7 hounds
  2 orc priests (D:6)
  Ijyb (D:3)
  A sleepcap (D:5)
  2 iguanas
  5 orc wizards
  17 gnolls
  10 adders
  7 river rats
  A shadow imp (D:8)
  3 worms
  25 orcs
  15 bats
  10 endoplasms
  5 giant cockroaches
  7 goblins
  6 hobgoblins
  8 jackals
  13 kobolds
  14 quokkas
  9 ball pythons
  2 frilled lizards
  A rat (D:3)
216 creatures vanquished.

Notes
Turn   | Place    | Note
-------+----------+-------------------------------------------
     0 | D:1      | qw the Deep Elf Hunter began the quest for the Orb.
     0 | D:1      | Reached XP level 1. HP: 12/12 MP: 3/3
     0 | D:1      | 0 ||| qw: Version: 0.3-a-9-g12657ce
     0 | D:1      | 0 ||| qw: Game counter: 3546
     0 | D:1      | 0 ||| qw: Always use a shield: true
     0 | D:1      | 0 ||| qw: God list: Okawaru
     0 | D:1      | 0 ||| qw: Allow faded altars: false
     0 | D:1      | 0 ||| qw: Do Orc after D:15 true
     0 | D:1      | 0 ||| qw: Do second Lair branch before Depths: true
     0 | D:1      | 0 ||| qw: Lair rune preference: random
     0 | D:1      | 0 ||| qw: Plans: Normal
     0 | D:1      | 0 ||| PLANNING D:1-11
   113 | D:1      | Reached XP level 2. HP: 16/16 MP: 4/4
   115 | D:1      | Reached skill level 6 in Ranged Weapons
   704 | D:1      | 704 ||| READING scroll labelled LERRUO YSAN.
   705 | D:1      | 705 ||| READING 3 scrolls labelled NOYCWU WIAL.
   706 | D:1      | 706 ||| READING scroll labelled VITTUA IFOMIL.
   707 | D:1      | 707 ||| READING scroll labelled WUIPEA ZANIADU.
   708 | D:1      | 708 ||| DROPPING scroll of butterflies.
   709 | D:1      | 709 ||| DROPPING 2 scrolls of fear.
   890 | D:2      | Found Muapuk's Distillery.
   894 | D:2      | 894 ||| SHOPLISTING 2 potions of curing (60 gold, have 56).
   894 | D:2      | 894 ||| SHOPLISTING 2 potions of haste (200 gold, have 56).
   894 | D:2      | 894 ||| SHOPLISTING potion of haste (100 gold, have 56).
   894 | D:2      | 894 ||| BUYING potion of heal wounds (50 gold).
   894 | D:2      | Bought a potion of heal wounds for 50 gold pieces
   894 | D:2      | 894 ||| SHOPLISTING potion of mutation (80 gold, have 6).
   894 | D:2      | 894 ||| SHOPLISTING potion of resistance (100 gold, have
                  | 6).
   911 | D:2      | Identified the +0 leather armour "Pampi" {rN+ MP+9 Int+3}
   918 | D:2      | Reached XP level 3. HP: 20/20 MP: 5/5
  1127 | D:2      | 1127 ||| UPGRADING to +0 pair of boots.
  1132 | D:2      | 1132 ||| UPGRADING to +0 leather armour "Pampi" {rN+ MP+9
                  | Int+3}.
  1142 | D:2      | 1142 ||| DROPPING +0 leather armour.
  1207 | D:2      | 1207 ||| UPGRADING to ring of poison resistance.
  1208 | D:2      | 1208 ||| READING 2 scrolls labelled EWIEGU VORISE.
  1209 | D:2      | 1209 ||| READING 2 scrolls labelled GINUOCV LEDOSE.
  1210 | D:2      | 1210 ||| DRINKING 2 inky potions.
  1311 | D:2      | 1311 ||| DRINKING 2 puce potions.
  1312 | D:2      | 1312 ||| DROPPING scroll of poison.
  1313 | D:2      | 1313 ||| DROPPING potion of lignification.
  1314 | D:2      | 1314 ||| DROPPING scroll of amnesia.
  1330 | D:3      | 1330 ||| PLANNING SEWER
  1343 | D:3      | Found Itar's Weapon Emporium.
  1353 | D:3      | 1353 ||| BUYING +0 orcbow (45 gold).
  1353 | D:3      | Bought a +0 orcbow for 45 gold pieces
  1353 | D:3      | 1353 ||| SWAPPING to +0 orcbow.
  1354 | D:3      | 1354 ||| DROPPING +0 shortbow.
  1360 | D:3      | Reached skill level 7 in Ranged Weapons
  1809 | D:3      | Found a glowing drain.
  1810 | D:3      | 1810 ||| UPGRADING to +0 ring mail.
  1820 | D:3      | 1820 ||| UPGRADING to +0 cloak.
  1825 | D:3      | 1825 ||| DROPPING +0 leather armour "Pampi" {rN+ MP+9
                  | Int+3}.
  1826 | D:3      | 1826 ||| READING 2 scrolls labelled JULEEM YGOEXKI.
  1830 | D:3      | 1830 ||| DRINKING 2 metallic cyan potions.
  1831 | D:3      | 1831 ||| READING 2 scrolls of identify.
  1831 | D:3      | 1831 ||| IDENTIFYING sapphire potion
  1832 | D:3      | 1832 ||| DROPPING potion of brilliance.
  1859 | D:3      | Reached XP level 4. HP: 25/25 MP: 6/6
  1870 | D:3      | HP: 2/25 [river rat (7)]
  1871 | D:3      | 1871 ||| READING scroll of teleportation.
  1872 | D:3      | 1872 ||| DRINKING 2 potions of heal wounds.
  1876 | D:3      | 1876 ||| FLEEEEING.
  1877 | D:3      | 1877 ||| FLEEEEING.
  1878 | D:3      | 1878 ||| FLEEEEING.
  1916 | Sewer    | Entered a sewer
  1957 | Sewer    | 1957 ||| Stepping ~*~*~tactically~*~*~ (water).
  1981 | Sewer    | 1981 ||| Stepping ~*~*~tactically~*~*~ (water).
  1995 | Sewer    | 1995 ||| Stepping ~*~*~tactically~*~*~ (water).
  2040 | Sewer    | 2040 ||| Stepping ~*~*~tactically~*~*~ (water).
  2058 | Sewer    | 2058 ||| Stepping ~*~*~tactically~*~*~ (water).
  2087 | Sewer    | Reached skill level 8 in Ranged Weapons
  2104 | Sewer    | 2104 ||| Stepping ~*~*~tactically~*~*~ (water).
  2178 | Sewer    | Reached XP level 5. HP: 21/29 MP: 7/7
  2272 | Sewer    | HP: 7/29 [river rat (4)]
  2273 | Sewer    | 2273 ||| DRINKING potion of heal wounds.
  2410 | Sewer    | 2410 ||| Stepping ~*~*~tactically~*~*~ (water).
  2412 | Sewer    | Reached skill level 9 in Ranged Weapons
  2413 | Sewer    | 2413 ||| Stepping ~*~*~tactically~*~*~ (water).
  2415 | Sewer    | 2415 ||| Stepping ~*~*~tactically~*~*~ (water).
  2581 | Sewer    | 2581 ||| READING scroll labelled ORPHUS KYUFU.
  2582 | Sewer    | 2582 ||| READING 2 scrolls of identify.
  2582 | Sewer    | 2582 ||| IDENTIFYING blue potion
  2583 | Sewer    | 2583 ||| DROPPING potion of attraction.
  2606 | D:3      | 2606 ||| PLANNING D:1-11
  2966 | D:3      | Noticed a black bear
  2966 | D:3      | Noticed a black bear
  2973 | D:3      | Killed a black bear
  2973 | D:3      | HP: 5/30 [black bear (4)]
  2974 | D:3      | Reached XP level 6. HP: 6/36 MP: 8/8
  2975 | D:3      | HP: 1/36 [black bear (6)]
  2977 | D:3      | Reached skill level 1 in Armour
  3161 | D:3      | 3161 ||| READING scroll labelled YSUDGH PUCYETU.
  3189 | D:4      | Noticed Ijyb
  3190 | D:4      | 3190 ||| FLEEEEING.
  3195 | D:4      | 3195 ||| STAIRDANCE
  3228 | D:4      | 3228 ||| FLEEEEING.
  3229 | D:4      | 3229 ||| STAIRDANCE
  3251 | D:4      | 3251 ||| STAIRDANCE
  3258 | D:3      | Killed Ijyb
  3366 | D:4      | Reached XP level 7. HP: 40/40 MP: 9/9
  3448 | D:4      | Found a shimmering altar of Xom.
  3503 | D:4      | Reached skill level 10 in Ranged Weapons
  3557 | D:4      | Reached skill level 3 in Dodging
  3852 | D:4      | 3852 ||| UPGRADING to ring of see invisible.
  3853 | D:4      | 3853 ||| READING scroll labelled EBROAL FU WYO.
  3854 | D:4      | 3854 ||| READING scroll labelled ISKAALL FIYGACH.
  3886 | D:5      | Entered Level 5 of the Dungeon
  4290 | D:5      | Reached skill level 11 in Ranged Weapons
  4361 | D:5      | Found an ancient bone altar of Kikubaaqudgha.
  4409 | D:5      | Found a staircase to the Ecumenical Temple.
  4411 | D:5      | 4411 ||| PLANNING TEMPLE
  4411 | D:5      | 4411 ||| READING scroll labelled IVALAC OQUXT.
  4419 | Temple   | Entered the Ecumenical Temple
  4559 | Temple   | 4559 ||| PLANNING D:1-11
  4678 | D:5      | Found a basalt altar of Yredelemnul.
  4678 | D:5      | Found a glowing silver altar of Zin.
  4731 | D:5      | Found a burning altar of Makhleb.
  4732 | D:5      | Found a glowing golden altar of the Shining One.
  4989 | D:6      | Reached XP level 8. HP: 30/45 MP: 10/10
  5119 | D:6      | 5119 ||| READING scroll of enchant armour.
  5119 | D:6      | 5119 ||| ENCHANTING +0 pair of boots.
  5303 | D:6      | Found a white marble altar of Elyvilon.
  5306 | D:6      | Found a broken altar of Ashenzari.
  5307 | D:6      | Found a snail-covered altar of Cheibriados.
  5307 | D:6      | Found a sacrificial altar of Ru.
  5525 | D:6      | 5525 ||| UPGRADING to +6 ring of dexterity.
  5527 | D:6      | 5527 ||| UPGRADING to ring of poison resistance.
  5529 | D:6      | 5529 ||| READING scroll labelled XAYDUSHRIMI.
  5530 | D:6      | 5530 ||| READING scroll labelled TOGOT NUXTUMEO.
  5625 | D:7      | Reached skill level 12 in Ranged Weapons
  5733 | D:7      | Reached skill level 3 in Fighting
  5752 | D:7      | 5752 ||| READING scroll of brand weapon.
  5752 | D:7      | 5752 ||| BRANDING +1 orcbow of freezing.
  6190 | D:7      | Reached skill level 13 in Ranged Weapons
  6525 | D:7      | 6525 ||| UPGRADING to amulet of reflection.
  6599 | D:8      | 6599 ||| READING scroll of enchant weapon.
  6599 | D:8      | 6599 ||| ENCHANTING +1 orcbow of electrocution.
  6620 | D:8      | Reached skill level 14 in Ranged Weapons
  6620 | D:8      | Reached XP level 9. HP: 24/50 MP: 11/11
  6731 | D:8      | Reached skill level 6 in Dodging
  6830 | D:8      | Identified the +7 long sword "Fiyck" {spect, rPois rN+
                  | rCorr}
  6858 | D:8      | 6858 ||| Stepping ~*~*~tactically~*~*~ (outnumbered).
  6860 | D:8      | 6860 ||| Stepping ~*~*~tactically~*~*~ (outnumbered).
  6995 | D:8      | Reached skill level 15 in Ranged Weapons
  7067 | D:8      | Found an iron altar of Okawaru.
  7068 | D:8      | 7068 ||| PLANNING OKAWARU WORSHIP
  7068 | D:8      | 7068 ||| READING 5 scrolls of identify.
  7068 | D:8      | 7068 ||| IDENTIFYING lumpy black potion
  7069 | D:8      | 7069 ||| DROPPING potion of invisibility.
  7077 | D:8      | Became a worshipper of Warmaster Okawaru
  7078 | D:8      | 7078 ||| PLANNING D:1-11
  7970 | D:8      | 7970 ||| Stepping randomly (stuck).
  8028 | D:9      | Found a hazy altar of Hepliaklqana.
  8045 | D:9      | Reached * piety under Okawaru
  8050 | D:9      | Reached skill level 1 in Invocations
  8059 | D:9      | Found a staircase to the Lair.
  8060 | D:9      | 8060 ||| INVOKING Heroism.
  8115 | D:9      | Noticed a manticore
  8118 | D:9      | Reached skill level 16 in Ranged Weapons
  8118 | D:9      | Reached XP level 10. HP: 48/56 MP: 13/13
  8128 | D:9      | Noticed a two-headed ogre
  8131 | D:9      | 8131 ||| INVOKING Heroism.
  8135 | D:9      | Reached skill level 3 in Invocations
  8137 | D:9      | 8137 ||| Stepping ~*~*~tactically~*~*~ (outnumbered).
  8144 | D:9      | Killed a two-headed ogre
  8148 | D:9      | 8148 ||| FLEEEEING.
  8215 | D:9      | 8215 ||| INVOKING Heroism.
  8218 | D:9      | Killed a manticore
  8218 | D:9      | Reached ** piety under Okawaru
  8317 | D:9      | Found a hide-covered altar of Uskayaw.
  8318 | D:9      | Found a shadowy altar of Dithmenos.
  8320 | D:9      | Found an ornate altar of the Wu Jian Council.
  8340 | D:9      | Noticed a four-headed hydra
  8340 | D:9      | Noticed a white ugly thing
  8341 | D:9      | 8341 ||| INVOKING Heroism.
  8341 | D:9      | Noticed a gargoyle
  8349 | D:9      | Killed a white ugly thing
  8358 | D:9      | 8358 ||| INVOKING Heroism.
  8361 | D:9      | HP: 13/59 [four-headed hydra (4)]
  8362 | D:9      | 8362 ||| READING 3 scrolls of teleportation.
  8362 | D:9      | HP: 4/59 [four-headed hydra (7)]
  8363 | D:9      | Demolished by a gargoyle

Levels and vault maps discovered:
D:1:      lightli_arrival_statue_moat, layout_basic
D:2:      minmay_spotlight, layout_rooms, serial_shops, nicolae_shop_trees,
          hangedman_decor_riveting
D:3:      layout_basic, portal_sewer_entry_c, serial_shops, shop,
          chequers_serial_rivers_marsh, minivault_4, kennysheep_generic_room_14
D:4:      layout_rooms, mainiacjoe_overflow_six_doors_small,
          serial_bayou_pond_b, minmay_misc_feat_roman,
          eino_small_chamber_without_monster, uniq_ijyb
D:5:      nicolae_cairo_tiling_large_dashed, layout_basic,
          nicolae_overflow_two_pavilions, gammafunk_temple_overflow_pools,
          nicolae_kikubaaqudgha_miasma_corner, minmay_temple_entry_wispy
D:6:      layout_gridville, grunt_temple_overflow_open
D:7:      layout_layer_cave
D:8:      layout_basic, mainiacjoe_overflow_surrounded_room, enter_bailey_8
D:9:      minmay_curly_fans, layout_rooms,
          chequers_temple_overflow_statue_of_worship,
          grunt_lair_entry_orc_guard_hut, david_orc_1_choice, grunt_potential
Temple:   hellmonk_temple_flake

Skill      XL: |  1  2  3  4  5  6  7  8  9 10 |
---------------+-------------------------------+-----
Ranged Weapons | 6 7 8 9 11 14 16 | 16.0
Fighting       | 2 3 4 5 |  5.0
Armour         | 1 2 |  2.1
Dodging        | 3 5 7 8 |  8.8
Invocations    | 2 4 |  4.1
Stealth        | |  1.2

Action                     |  1- 3 |  4- 6 |  7- 9 | 10-12 || total
---------------------------+-------+-------+-------+-------++-------
   Fire: Shortbow          |    64 |       |       |       ||    64
         Orcbow            |    28 |   146 |   344 |    55 ||   573
 Invoke: Heroism           |       |       |     1 |     4 ||     5
    Use: Scroll            |     8 |     4 |     9 |     1 ||    22
         Potion            |     3 |     2 |       |       ||     5
 Armour: Leather armour    |     9 |       |       |       ||     9
         Ring mail         |     1 |    55 |    47 |    20 ||   123
  Dodge: Dodged            |    24 |    53 |    73 |    53 ||   203
  Block: Other             |       |       |    11 |     4 ||    15
         Reflection        |       |       |     1 |       ||     1

Table legend:
 A = Non-vault XP
 B = Vault XP
 C = Vault XP percentage of total XP
 D = Non-vault monster count
 E = Vault monster count
 F = Vault count percentage of total count
                 A         B        C        D         E       F
            +---------+---------+-------+---------+---------+-------
      Total |    4229 |    3939 |  48.2 |     146 |      70 |  32.4
            +---------+---------+-------+---------+---------+-------
        D:1 |      27 |       0 |   0.0 |      15 |       0 |   0.0
        D:2 |      24 |       5 |  17.2 |      12 |       3 |  20.0
        D:3 |     299 |      85 |  22.1 |      20 |       8 |  28.6
        D:4 |     336 |       9 |   2.6 |      14 |       3 |  17.6
        D:5 |     368 |       0 |   0.0 |      11 |       0 |   0.0
        D:6 |     237 |       0 |   0.0 |      13 |       0 |   0.0
        D:7 |    1067 |       0 |   0.0 |      27 |       0 |   0.0
        D:8 |    1693 |       0 |   0.0 |      32 |       0 |   0.0
        D:9 |     178 |    3686 |  95.4 |       2 |      26 |  92.9
      Sewer |       0 |     154 | 100.0 |       0 |      30 | 100.0
            +---------+---------+-------+---------+---------+-------
